[Event "FIDE Women World Blitz 2021"]
[Site "Warsaw"]
[Date "2021.12.30"]
[Round "13.38"]
[White "Loskutova, Viktoriya"]
[Black "Sliwicka, Alicja"]
[Result "1-0"]
[ECO "B56"]
[WhiteElo "2195"]
[BlackElo "2303"]
[Annotator "NA"]
[PlyCount "195"]
[EventDate "2021.12.29"]
[EventType "swiss"]
[EventCountry "POL"]
[Tiebreak "Cut1 Buchholz"]
[SourceTitle "playchess.com"]
[Source "ChessBase"]
[SourceQuality "1"]
[TimeControl "180+2"]

1. e4 c5 2. Nf3 d6 3. d4 cxd4 4. Nxd4 Nf6 5. Nc3 Bd7 6. Be3 Ng4 7. Bc1 Nc6 8. Nxc6 bxc6 9. f3 Nf6 10. Be3 g6 11. Qd2 Bg7 12. Bc4 a5 13.
a4 Rb8 14. Bb3 h5 15. O-O h4 16. h3 Nh5 17. Qf2 Ng3 18. Rfd1 Rh5 19. Bd4 Bxd4 20. Qxd4 Qb6 21. Qxb6 Rxb6 22. Kf2 f5 23. Re1 Kd8 24. Rab1 e6 25. exf5 exf5 26. Bf7 Rh6 27. b3 g5 28. Bc4 d5 29. Bd3 Rf6 30. Ne2 f4 31. Nd4 Nh5 32.
Re5 c5 33. Nb5 c4 34. bxc4 dxc4 35. Bxc4 Rfc6 36. Bd3 Ng7 37.
Rxg5 Ne6 38. Rg8+ Ke7 39. Re1 Kf7 40. Rh8 Nc5 41. Bc4+ Ne6 42.
Bd3 Nc5 43. Rh7+ Kg8 44. Rxh4 Nxd3+ 45. cxd3 Rc2+ 46. Re2 Rxe2+ 47. Kxe2 Rf6 48. Rh5 Kf7 49. d4 Ke7 50. Re5+ Kd8 51. Nc3 Rc6 52. Kd2 Rg6 53. Re2 Rd6 54. Kd3 Bf5+ 55. Ne4 Rb6 56. d5 Rb3+ 57. Kd4 Rb4+ 58. Ke5 Bd7 59. Nc5 Be8 60. Kd6 Rb6+ 61. Ke5 Rb4 62. Ne6+ Ke7 63. Re4 Rb2 64. Nxf4 Kd7 65. g4 Rb3 66. Ne6 Rxf3 67. Nc5+ Kd8 68. d6 Bc6 69. Ne6+ Kd7 70. Nc5+ Kd8 71. Rd4 Re3+ 72. Kf4 Rf3+ 73. Ke5 Re3+ 74. Kf6 Rf3+ 75. Kg5 Rxh3 76. d7 Re3 77. Kf5 Rf3+ 78. Kg6 Re3 79. g5 Bxd7 80. Rxd7+ Ke8 81. Rd5 Kf8 82. Rf5+ Kg8 83. Nd7 Re6+ 84. Nf6+ Kh8 85. Kh5 Re1 86. Rxa5 Rh1+ 87. Kg4 Rg1+ 88. Kf5 Rf1+ 89. Ke6 Re1+ 90. Re5 Ra1 91. a5 Ra4 92. Nh5 Kh7 93. Kf6 Ra1 94. g6+ Kh6 95. Nf4 Rxa5 96. Rh5+ Rxh5 97. Nxh5 Kxh5 98. g7 1-0

[Event "FIDE Women World Blitz 2021"]
[Site "Warsaw"]
[Date "2021.12.30"]
[Round "13.39"]
[White "Jarocka, Liwia"]
[Black "Yakimova, Mariya"]
[Result "0-1"]
[ECO "A49"]
[WhiteElo "1851"]
[BlackElo "2219"]
[Annotator "NA"]
[PlyCount "97"]
[EventDate "2021.12.29"]
[EventType "swiss"]
[EventCountry "POL"]
[Tiebreak "Cut1 Buchholz"]
[SourceTitle "playchess.com"]
[Source "ChessBase"]
[SourceQuality "1"]
[TimeControl "180+2"]

1. Nf3 Nf6 2. b3 g6 3. Bb2 Bg7 4. g3 O-O 5. Bg2 d6 6. d4 Nc6 7. O-O e5 8. dxe5 Ng4 9. c4 dxe5 10. Nc3 Be6 11. Qc2 Qe7 12. h3 Nh6 13.
Rfd1 Rad8 14. Rac1 Nb4 15. Qb1 c6 16. Ba3 a5 17. Bb2 f5 18. h4 Nf7 19. Na4 Bh6 20. Rxd8 Rxd8 21. Re1 e4 22. Nd4 Bg7 23. Nxe6 Qxe6 24. Bxg7 Kxg7 25. a3 Na6 26. Rd1 Rxd1+ 27. Qxd1 b5 28. Qd4+ Qe5 29. Qxe5+ Nxe5 30. cxb5 cxb5 31. Nc3 b4 32. axb4 axb4 33. Na2 Nc6 34. f3 e3 35. f4 Nd4 36. Bd5 Nxe2+ 37. Kg2 Nc3 38. Nxb4 Nxb4 39. Bc4 Kf6 40. Kf3 Nbd5 41. b4 Ke7 42. b5 Kd6 43. Bd3 Kc5 44. Bf1 Nxb5 45. Bd3 Nd4+ 46. Kg2 Kb4 47. Bf1 Kc3 48. h5 e2 49. hxg6 0-1

[Event "FIDE Women World Blitz 2021"]
[Site "Warsaw"]
[Date "2021.12.30"]
[Round "14.1"]
[White "Assaubayeva, Bibisara"]
[Black "Babiy, Olga"]
[Result "1-0"]
[ECO "D20"]
[WhiteElo "2400"]
[BlackElo "2179"]
[Annotator "NA"]
[PlyCount "95"]
[EventDate "2021.12.29"]
[EventType "swiss"]
[EventCountry "POL"]
[Tiebreak "Cut1 Buchholz"]
[SourceTitle "playchess.com"]
[Source "ChessBase"]
[SourceQuality "1"]
[TimeControl "180+2"]

1. d4 d5 2. c4 dxc4 3. e4 Nf6 4. e5 Nd5 5. Bxc4 Nb6 6. Bb3 Nc6 7. Be3 Bf5 8. Ne2 e6 9. Nbc3 Be7 10. O-O Qd7 11. Qc1 Nb4 12. Rd1 c6 13.
Ng3 Bg6 14. Nge4 N4d5 15. Nc5 Qc7 16. a4 a5 17. N3e4 O-O 18.
Bg5 Bxg5 19. Qxg5 Nd7 20. Bxd5 cxd5 21. Nxd7 Qxd7 22. Nd6 Ra6 23. h4 h6 24. Qg4 Rc6 25. h5 Bc2 26. Rd2 Bxa4 27. Ra3 Bc2 28.
Rxa5 Bf5 29. Qf3 Rxd6 30. exd6 Qxd6 31. Rd1 Rc8 32. Qa3 Qf4 33. Ra8 Rxa8 34. Qxa8+ Kh7 35. Qxb7 Qg4 36. f3 Qxh5 37. Qc7 Bg6 38. b4 Qg5 39. Qc3 Qd8 40. b5 Qb6 41. Qc5 Qa5 42. b6 Qa4 43.
Rc1 Qb3 44. Kh1 Qe3 45. b7 Bh5 46. b8=Q Bxf3 47. Qg3 Qe4 48.
Qxf3 1-0

[Event "FIDE Women World Blitz 2021"]
[Site "Warsaw"]
[Date "2021.12.30"]
[Round "14.1"]
[White "Sliwicka, Alicja"]
[Black "Kubicka, Anna"]
[Result "1/2-1/2"]
[ECO "A07"]
[WhiteElo "2303"]
[BlackElo "2273"]
[Annotator "NA"]
[PlyCount "23"]
[EventDate "2021.12.29"]
[EventType "swiss"]
[EventCountry "POL"]
[Tiebreak "Cut1 Buchholz"]
[SourceTitle "playchess.com"]
[Source "ChessBase"]
[SourceQuality "1"]
[TimeControl "180+2"]

1. Nf3 d5 2. g3 g6 3. Bg2 Bg7 4. O-O e5 5. d3 Nc6 6. e4 Nge7 7. Nc3 d4 8. Ne2 O-O 9. c3 dxc3 10. bxc3 h6 11. Qc2 Be6 12. Rd1 1/2-1/2

[Event "FIDE Women World Blitz 2021"]
[Site "Warsaw"]
[Date "2021.12.30"]
[Round "14.2"]
[White "Lagno, Kateryna"]
[Black "Gunina, Valentina"]
[Result "1-0"]
[ECO "B12"]
[WhiteElo "2550"]
[BlackElo "2480"]
[Annotator "ChessBase"]
[PlyCount "65"]
[EventDate "2021.12.29"]
[EventType "swiss"]
[EventCountry "POL"]
[Tiebreak "Cut1 Buchholz"]
[SourceTitle "playchess.com"]
[Source "ChessBase"]
[SourceQuality "1"]
[TimeControl "180+2"]

1. e4 c6 2. d4 d5 3. e5 c5 4. dxc5 e6 5. Bd3 Bxc5 6. Qg4 Ne7 7. Nf3 Nbc6 8.
c3 Ng6 9. Qg3 Qc7 10. Bxg6 hxg6 11. Bg5 Qb6 12. b4 Be7 13. Nbd2 Qc7 14. Bxe7 Nxe7 15. Nd4 Bd7 16. O-O O-O-O 17. c4 dxc4 18. Nxc4 Kb8 19. Nd6 Rdf8 20. Rac1 Qb6 21. Rfd1 Ba4 22. Rd3 Qxb4 23. h3 Nd5 24. Rc4 Qb1+ 25. Kh2 Bd7 26. Rb3 Qxa2 27. Rxb7+ Ka8 28. Rxd7 Rb8 29. Nc6 Rb2 30. Rxa7+ Qxa7 31. Nxa7 Rhb8 32. Ra4 R8b3 33. Nc6# 1-0

[Event "FIDE Women World Blitz 2021"]
[Site "Warsaw"]
[Date "2021.12.30"]
[Round "14.2"]
[White "Gil Quilez, Sonia"]
[Black "Goraj, Barbara"]
[Result "0-1"]
[ECO "E94"]
[WhiteElo "2122"]
[BlackElo "1902"]
[Annotator "NA"]
[PlyCount "62"]
[EventDate "2021.12.29"]
[EventType "swiss"]
[EventCountry "POL"]
[Tiebreak "Cut1 Buchholz"]
[SourceTitle "playchess.com"]
[Source "ChessBase"]
[SourceQuality "1"]
[TimeControl "180+2"]

1. d4 Nf6 2. c4 g6 3. Nc3 Bg7 4. e4 d6 5. Nf3 O-O 6. Be2 Nbd7 7. O-O e5 8. d5 Nc5 9. Qc2 a5 10. b3 Nh5 11. Bg5 f6 12. Be3 b6 13. a3 f5 14. Bg5 Bf6 15.
Bxf6 Qxf6 16. b4 Nxe4 17. Nxe4 fxe4 18. Qxe4 Bf5 19. Qh4 Nf4 20. Bd1 axb4 21. Ng5 Qe7 22. Bb3 Rxa3 23. Rxa3 bxa3 24. Ra1 Ra8 25. g4 Nh3+ 26. Qxh3 Qxg5 27. Bd1 Bd7 28. Qg3 Qd2 29. Qf3 Qb2 30. Rxa3 Qxa3 31. Qf6 Qc1 0-1

[Event "FIDE Women World Blitz 2021"]
[Site "Warsaw"]
[Date "2021.12.30"]
[Round "14.3"]
[White "Koneru, Humpy"]
[Black "Vaishali R"]
[Result "1-0"]
[ECO "D87"]
[WhiteElo "2586"]
[BlackElo "2405"]
[Annotator "ChessBase"]
[PlyCount "57"]
[EventDate "2021.12.29"]
[EventType "swiss"]
[EventCountry "POL"]
[Tiebreak "Cut1 Buchholz"]
[SourceTitle "playchess.com"]
[Source "ChessBase"]
[SourceQuality "1"]
[TimeControl "180+2"]

1. d4 Nf6 2. c4 g6 3. Nc3 d5 4. cxd5 Nxd5 5. e4 Nxc3 6. bxc3 Bg7 7. Bc4 c5 8. Ne2 Nc6 9. Be3 O-O 10. O-O b6 11. dxc5 Qc7 12. Nd4 Ne5 13.
Be2 bxc5 14. Nb5 Qb8 15. Rb1 a6 16. Na3 Qc7 17. f4 Rd8 18.
Qc2 Qa5 19. Rb3 Ng4 20. Bxg4 Bxg4 21. f5 gxf5 22. Nc4 Qc7 23. exf5 Qc6 24. Bf4 Ra7 25. Rb6 Qd5 26. Ne3 Qd2 27. Qxd2 Rxd2 28. Rb8+ Bf8 29. Bh6 1-0

[Event "FIDE Women World Blitz 2021"]
[Site "Warsaw"]
[Date "2021.12.30"]
[Round "14.3"]
[White "Nur-Mukhametova, Alisa"]
[Black "Jarocka, Liwia"]
[Result "1-0"]
[ECO "D23"]
[WhiteElo "2225"]
[BlackElo "1851"]
[Annotator "NA"]
[PlyCount "111"]
[EventDate "2021.12.29"]
[EventType "swiss"]
[EventCountry "POL"]
[Tiebreak "Cut1 Buchholz"]
[SourceTitle "playchess.com"]
[Source "ChessBase"]
[SourceQuality "1"]
[TimeControl "180+2"]

1. d4 Nf6 2. c4 e6 3. Nf3 d5 4. Nc3 dxc4 5. Qa4+ Nbd7 6. e4 a6 7. Qxc4 b5 8. Qd3 b4 9. Na4 Be7 10. Be2 O-O 11. O-O c5 12. dxc5 Nxc5 13.
Nxc5 Bxc5 14. e5 Qxd3 15. Bxd3 Nd5 16. Bd2 Bb7 17. Rac1 Rac8 18. Ng5 h6 19. Ne4 Bd4 20. Nd6 Rxc1 21. Bxc1 Ba8 22. Bxa6 Bxe5 23. Nc4 Bf6 24. Na5 Ne7 25. Bd3 Bd5 26. Nc4 Ra8 27. a3 Bxc4 28. Bxc4 bxa3 29. bxa3 Nc6 30. Bd3 Ne5 31. Be4 Ra4 32. f3 Nc4 33. Bc2 Ra7 34. a4 Bd4+ 35. Kh1 Nb6 36. Rd1 e5 37. f4 f6 38. fxe5 fxe5 39. Ba3 Nxa4 40. Bb3+ Kh8 41. Bb4 Rb7 42. Bxa4 Rxb4 43. Bc6 Rb6 44. Be4 Rd6 45. Rb1 Rd8 46. h4 Rf8 47. h5 Rd8 48. Kh2 Kg8 49. Kh3 Kf7 50. Rb7+ Kf6 51. Bg6 Rf8 52. Rc7 Rg8 53. Kg4 Rf8 54. Kh3 Rg8 55. Rf7+ Kg5 56. Rf5# 1-0

[Event "FIDE Women World Blitz 2021"]
[Site "Warsaw"]
[Date "2021.12.30"]
[Round "14.4"]
[White "Goryachkina, Aleksandra"]
[Black "Buksa, Nataliya"]
[Result "1/2-1/2"]
[ECO "D35"]
[WhiteElo "2604"]
[BlackElo "2199"]
[Annotator "ChessBase"]
[PlyCount "53"]
[EventDate "2021.12.29"]
[EventType "swiss"]
[EventCountry "POL"]
[Tiebreak "Cut1 Buchholz"]
[SourceTitle "playchess.com"]
[Source "ChessBase"]
[SourceQuality "1"]
[TimeControl "180+2"]

1. d4 d5 2. c4 e6 3. Nc3 Be7 4. cxd5 exd5 5. Bf4 Nf6 6. e3 c6 7. Bd3 Nbd7 8. h3 Nf8 9. Nf3 Ng6 10. Bh2 Bd6 11. Bxd6 Qxd6 12. O-O O-O 13. Rb1 a5 14. Qc2 Bd7 15. a3 Rae8 16. b4 axb4 17. axb4 Nh5 18. b5 Qf6 19. Qd1 Nh4 20. Nxh4 Qxh4 21. bxc6 bxc6 22. Be2 Nf6 23. Rb7 Bxh3 24. gxh3 Rxe3 25. fxe3 Qg3+ 26. Kh1 Qxh3+ 27. Kg1 1/2-1/2

[Event "FIDE Women World Blitz 2021"]
[Site "Warsaw"]
[Date "2021.12.30"]
[Round "14.4"]
[White "Kazarian, Anna-Maja"]
[Black "Szczotka, Klara"]
[Result "0-1"]
[ECO "A00"]
[WhiteElo "2138"]
[BlackElo "1584"]
[Annotator "NA"]
[PlyCount "64"]
[EventDate "2021.12.29"]
[EventType "swiss"]
[EventCountry "POL"]
[Tiebreak "Cut1 Buchholz"]
[SourceTitle "playchess.com"]
[Source "ChessBase"]
[SourceQuality "1"]
[TimeControl "180+2"]

1. b4 e6 2. Bb2 Nf6 3. a3 d5 4. e3 b6 5. Nf3 Bb7 6. Be2 Bd6 7. O-O O-O 8. d4 Nbd7 9. Ne5 c5 10. b5 c4 11. f4 Ne4 12. Bf3 f5 13. Qe1 Nxe5 14. fxe5 Be7 15. Nc3 Qd7 16. Bxe4 fxe4 17. a4 Rf5 18. g4 Rg5 19. Rf4 h5 20. Qg3 Qe8 21. h4 Rxg4 22. Rxg4 hxg4 23. Qxg4 Bc8 24. Rf1 Bd7 25. h5 Qd8 26. h6 Bg5 27. hxg7 Bxe3+ 28. Kh1 Qg5 29. Qh3 Kxg7 30. Nxd5 Rh8 31. Rf7+ Kxf7 32. Qxh8 Qg1# 0-1

[Event "FIDE Women World Blitz 2021"]
[Site "Warsaw"]
[Date "2021.12.30"]
[Round "14.5"]
[White "Muzychuk, Anna"]
[Black "Shuvalova, Polina"]
[Result "0-1"]
[ECO "B12"]
[WhiteElo "2533"]
[BlackElo "2515"]
[Annotator "ChessBase"]
[PlyCount "114"]
[EventDate "2021.12.29"]
[EventType "swiss"]
[EventCountry "POL"]
[Tiebreak "Cut1 Buchholz"]
[SourceTitle "playchess.com"]
[Source "ChessBase"]
[SourceQuality "1"]
[TimeControl "180+2"]

1. e4 c6 2. d4 d5 3. e5 Bf5 4. Bd3 Bxd3 5. Qxd3 e6 6. Ne2 c5 7. c3 Qb6 8. O-O Nc6 9. Nd2 Rc8 10. Nf3 Qa6 11. Qd1 Nge7 12. dxc5 Ng6 13. Be3 Ncxe5 14. Nxe5 Nxe5 15. b4 Nc4 16. Nd4 Be7 17. a4 O-O 18.
b5 Qa5 19. c6 Nxe3 20. fxe3 Qxc3 21. Rf3 bxc6 22. Nxc6 Bf6 23. Rc1 Qb2 24. Rc2 Qa3 25. e4 Qxa4 26. exd5 exd5 27. Rxf6 gxf6 28. Ne7+ Kg7 29. Nxc8 Rxc8 30. Rd2 Qxd1+ 31. Rxd1 Rc5 32. Ra1 Rxb5 33.
Rxa7 Rb2 34. Rd7 Rd2 35. h3 f5 36. Rd6 f4 37. Kf1 f6 38.
Rd8 Kg6 39. Rg8+ Kf7 40. Rh8 Kg7 41. Rd8 h6 42. Re8 Kg6 43.
Rg8+ Kf5 44. Rh8 Kg6 45. Rg8+ Kf7 46. Rh8 Kg7 47. Rd8 d4 48. Rd7+ Kg6 49. Rd5 d3 50. Kg1 Kf7 51. Rd4 Ke6 52. Rxf4 Ke5 53. Ra4 Re2 54. Kf1 Re4 55. Ra5+ Kf4 56. Rd5 Ke3 57. Ke1 Ra4 0-1

[Event "FIDE Women World Blitz 2021"]
[Site "Warsaw"]
[Date "2021.12.30"]
[Round "14.5"]
[White "Malicka, Maria"]
[Black "Jakubowska, Anna"]
[Result "1-0"]
[ECO "B15"]
[WhiteElo "2307"]
[BlackElo "2106"]
[Annotator "NA"]
[PlyCount "55"]
[EventDate "2021.12.29"]
[EventType "swiss"]
[EventCountry "POL"]
[Tiebreak "Cut1 Buchholz"]
[SourceTitle "playchess.com"]
[Source "ChessBase"]
[SourceQuality "1"]
[TimeControl "180+2"]

1. e4 c6 2. d4 d5 3. Nc3 dxe4 4. Nxe4 Nf6 5. Nxf6+ exf6 6. c3 Bd6 7. Bd3 O-O 8. Qc2 Re8+ 9. Ne2 h5 10. O-O Nd7 11. Nf4 h4 12.
Qd1 g6 13. Nxg6 fxg6 14. Bxg6 Re7 15. Qh5 Nf8 16. Bh6 Be6 17. Rfe1 Qd7 18. Re4 Bf7 19. Bxf7+ Rxf7 20. Rg4+ Qxg4 21. Qxg4+ Kh7 22. Qh5 Kg8 23. Re1 Rh7 24. Re4 Kh8 25. Rxh4 Bf4 26. Rxf4 Rd8 27. Rh4 Rd5 28. Qe8 1-0

[Event "FIDE Women World Blitz 2021"]
[Site "Warsaw"]
[Date "2021.12.30"]
[Round "14.6"]
[White "Mamedjarova, Zeinab"]
[Black "Kosteniuk, Alexandra"]
[Result "0-1"]
[ECO "D05"]
[WhiteElo "2249"]
[BlackElo "2518"]
[Annotator "ChessBase"]
[PlyCount "124"]
[EventDate "2021.12.29"]
[EventType "swiss"]
[EventCountry "POL"]
[Tiebreak "Cut1 Buchholz"]
[SourceTitle "playchess.com"]
[Source "ChessBase"]
[SourceQuality "1"]
[TimeControl "180+2"]

1. d4 Nf6 2. Nf3 d5 3. e3 e6 4. Bd3 Be7 5. O-O c5 6. b3 Nc6 7. Bb2 cxd4 8. exd4 b6 9. Ne5 Nxe5 10. dxe5 Nd7 11. c4 Bb7 12. cxd5 Bxd5 13. Nd2 Nc5 14. Bb5+ Kf8 15. Qe2 h5 16. Rad1 Qc7 17. Bc4 Bc6 18. f4 g6 19. b4 Na4 20. Ba1 b5 21. Bd3 h4 22. h3 Bxb4 23.
Be4 Rd8 24. Nf3 Bxe4 25. Qxe4 Qc5+ 26. Kh1 Rd5 27. Rc1 Nc3 28. Bxc3 Bxc3 29. Rc2 b4 30. Rfc1 Kg7 31. Ng5 Rhd8 32. Qe2 Rd4 33. f5 exf5 34. e6 Qd6 35. Nxf7 Rd1+ 36. Rxd1 Qxd1+ 37. Qxd1 Rxd1+ 38. Kh2 Re1 39. Ng5 Be5+ 40. g3 Bxg3+ 41. Kg2 Kf6 42. Nf3 Rxe6 43. Rb2 a5 44. Rc2 a4 45. Rb2 Rb6 46.
Nd2 Be5 47. Rb1 Bc3 48. Nc4 Re6 49. Kf3 g5 50. Ne3 Rd6 51.
Ke2 Rd2+ 52. Kf3 Rxa2 53. Rd1 Rd2 54. Nd5+ Ke5 55. Nxc3 bxc3 56. Ra1 Rd4 57. Re1+ Re4 58. Rc1 Rc4 59. Re1+ Kd5 60. Rd1+ Kc5 61. Ke3 c2 62. Rc1 g4 0-1

[Event "FIDE Women World Blitz 2021"]
[Site "Warsaw"]
[Date "2021.12.30"]
[Round "14.6"]
[White "Katkov, Michelle"]
[Black "Movsesian, Julia"]
[Result "0-1"]
[ECO "C41"]
[WhiteElo "1651"]
[BlackElo "2322"]
[Annotator "NA"]
[PlyCount "82"]
[EventDate "2021.12.29"]
[EventType "swiss"]
[EventCountry "POL"]
[Tiebreak "Cut1 Buchholz"]
[SourceTitle "playchess.com"]
[Source "ChessBase"]
[SourceQuality "1"]
[TimeControl "180+2"]

1. e4 d6 2. d4 Nf6 3. Nc3 Nbd7 4. Nf3 e5 5. Bc4 Be7 6. O-O O-O 7. Re1 c6 8. a4 h6 9. d5 Qc7 10. Bb3 a5 11. Be3 Re8 12. Qd2 Nf8 13.
Rad1 Ng6 14. h3 Bf8 15. Qe2 Nh5 16. Nd2 Nhf4 17. Qf3 Nh4 18.
Qg3 Nhxg2 19. Kh2 Nxe1 20. Bxf4 exf4 21. Qxf4 Qd7 22. Qg3 Nxc2 23. Bxc2 Qe7 24. f4 Bd7 25. Rg1 Qf6 26. Nf3 b5 27. e5 dxe5 28. fxe5 Qe7 29. d6 Qe6 30. Ne4 Kh8 31. Nc5 Qc4 32. Qf2 Qf4+ 33. Rg3 Bf5 34. Bb3 Be4 35. Ba2 Bxf3 36. Qxf3 Qxf3 37. Rxf3 Rxe5 38. Nd3 Re2+ 39. Kg3 Bxd6+ 40. Kg4 Re4+ 41. Nf4 g5 0-1

[Event "FIDE Women World Blitz 2021"]
[Site "Warsaw"]
[Date "2021.12.30"]
[Round "14.7"]
[White "Bodnaruk, Anastasia"]
[Black "Kulon, Klaudia"]
[Result "0-1"]
[ECO "C76"]
[WhiteElo "2396"]
[BlackElo "2328"]
[Annotator "NA"]
[PlyCount "76"]
[EventDate "2021.12.29"]
[EventType "swiss"]
[EventCountry "POL"]
[Tiebreak "Cut1 Buchholz"]
[SourceTitle "playchess.com"]
[Source "ChessBase"]
[SourceQuality "1"]
[TimeControl "180+2"]

1. e4 e5 2. Nf3 Nc6 3. Bb5 a6 4. Ba4 d6 5. O-O Bd7 6. c3 g6 7. d4 Bg7 8. d5 Nce7 9. Bxd7+ Qxd7 10.
c4 h6 11. Nc3 f5 12. Nd2 fxe4 13. Ndxe4 Nf6 14. Nxf6+ Bxf6 15.
f4 Nf5 16. Ne4 Bg7 17. Qg4 Ne7 18. Qg3 O-O 19. Bd2 Kh7 20. fxe5 dxe5 21. Nc5 Qd6 22. Ne6 Rf5 23. Nxg7 Kxg7 24. Bc3 Re8 25. Rae1 Kh7 26. Bxe5 Qc5+ 27. Kh1 Qxc4 28. Rf3 Rxf3 29. Qxf3 Nf5 30. g4 Rxe5 31. Rf1 Ng7 32. Rd1 Qc2 33. Rf1 Qe2 34. Qf7 Qe4+ 35. Kg1 Rxd5 36. h3 Rd2 37. Rf2 Qe1+ 38. Kg2 Rxf2+ 0-1

[Event "FIDE Women World Blitz 2021"]
[Site "Warsaw"]
[Date "2021.12.30"]
[Round "14.7"]
[White "Budkiewicz, Magdalena"]
[Black "Rakhmangulova, Anastasiya"]
[Result "0-1"]
[ECO "B01"]
[WhiteElo "1624"]
[BlackElo "2174"]
[Annotator "NA"]
[PlyCount "76"]
[EventDate "2021.12.29"]
[EventType "swiss"]
[EventCountry "POL"]
[Tiebreak "Cut1 Buchholz"]
[SourceTitle "playchess.com"]
[Source "ChessBase"]
[SourceQuality "1"]
[TimeControl "180+2"]

1. e4 d5 2. exd5 Qxd5 3. Nc3 Qd6 4. d4 Nf6 5. Nf3 a6 6. Bc4 b5 7. Be2 Bb7 8. O-O Nbd7 9. a3 e6 10. Bg5 Be7 11. Bh4 O-O 12. Bg3 Qb6 13. Qd2 c5 14. Rad1 Rfd8 15. Qf4 Rac8 16. dxc5 Bxc5 17. Ne5 Nxe5 18. Qxe5 Bd4 19. Qg5 h6 20. Qf4 Bxc3 21. bxc3 Nd5 22. Qg4 Nxc3 23. Rxd8+ Qxd8 24. Be5 Nxe2+ 25. Qxe2 Rc4 26. Rd1 Qg5 27. Bg3 Bd5 28. h3 Qf5 29. Rd2 Qf6 30. Be5 Qf5 31. Bb2 Qg6 32. f3 Qg5 33. Rd3 a5 34.
Rd4 Rxd4 35. Bxd4 Qc1+ 36. Kh2 Qf4+ 37. g3 Qxd4 38. Qxb5 Qf2+ 0-1

[Event "FIDE Women World Blitz 2021"]
[Site "Warsaw"]
[Date "2021.12.30"]
[Round "14.8"]
[White "Kiolbasa, Oliwia"]
[Black "Abdumalik, Zhansaya"]
[Result "0-1"]
[ECO "C92"]
[WhiteElo "2403"]
[BlackElo "2507"]
[Annotator "ChessBase"]
[PlyCount "104"]
[EventDate "2021.12.29"]
[EventType "swiss"]
[EventCountry "POL"]
[Tiebreak "Cut1 Buchholz"]
[SourceTitle "playchess.com"]
[Source "ChessBase"]
[SourceQuality "1"]
[TimeControl "180+2"]

1. e4 e5 2. Nf3 Nc6 3. Bb5 a6 4. Ba4 Nf6 5. O-O Be7 6. Re1 b5 7. Bb3 O-O 8. h3 Bb7 9. d3 d6 10. c3 Na5 11. Bc2 c5 12. Nbd2 Re8 13. Nf1 Qb6 14. Ng3 Nc6 15. Nf5 Bf8 16. Nh2 Ne7 17. Ng4 Nd7 18. Qf3 Rad8 19. Bb3 Nxf5 20. Qxf5 c4 21. dxc4 Nc5 22. Be3 Qc7 23. Bxc5 dxc5 24. cxb5 axb5 25. a4 c4 26. Bd1 b4 27. Qg5 Re6 28. a5 h6 29. Qe3 Ra8 30. Be2 h5 31. Nh2 Bc5 32.
Qd2 Rd6 33. Qc2 b3 34. Qc1 h4 35. Nf3 Bxe4 36. Nxe5 Rf6 37. Bf3 Bxf3 38. gxf3 Rxa5 39. Rxa5 Qxa5 40. Nxc4 Rg6+ 41. Kh1 Qa8 42.
Qf4 Rf6 43. Qe4 Qa6 44. Qe8+ Kh7 45. Qe4+ Kg8 46. Qe8+ Bf8 47. Ne3 Rxf3 48. Kg2 Qb7 49. Kh2 Rxf2+ 50. Kg1 Qf3 51. Qe5 Rxb2 52. Qg5 Qf2+ 0-1

[Event "FIDE Women World Blitz 2021"]
[Site "Warsaw"]
[Date "2021.12.30"]
[Round "14.8"]
[White "Rudzinska, Michalina"]
[Black "Nurgali, Nazerke"]
[Result "0-1"]
[ECO "B15"]
[WhiteElo "1832"]
[BlackElo "2267"]
[Annotator "NA"]
[PlyCount "48"]
[EventDate "2021.12.29"]
[EventType "swiss"]
[EventCountry "POL"]
[Tiebreak "Cut1 Buchholz"]
[SourceTitle "playchess.com"]
[Source "ChessBase"]
[SourceQuality "1"]
[TimeControl "180+2"]

1. e4 c6 2. d4 d5 3. Nc3 dxe4 4. Nxe4 Nf6 5. Nxf6+ exf6 6. c3 Bd6 7. Bd3 Na6 8. Ne2 Nc7 9. O-O h5 10. Nf4 Bxf4 11. Bxf4 Ne6 12. Re1 Kf8 13. Qf3 g6 14. Rad1 Kg7 15. h3 h4 16. Bc4 Rh5 17. d5 cxd5 18.
Bxd5 Nxf4 19. Bxf7 Qc7 20. Bb3 Rg5 21. Re8 Nxh3+ 22. Kh1 Bg4 23. Qd5 Nxf2+ 24. Kg1 Rxe8 0-1

[Event "FIDE Women World Blitz 2021"]
[Site "Warsaw"]
[Date "2021.12.30"]
[Round "14.9"]
[White "Salimova, Nurgyul"]
[Black "Stefanova, Antoaneta"]
[Result "0-1"]
[ECO "D00"]
[WhiteElo "2353"]
[BlackElo "2475"]
[Annotator "ChessBase"]
[PlyCount "76"]
[EventDate "2021.12.29"]
[EventType "swiss"]
[EventCountry "POL"]
[Tiebreak "Cut1 Buchholz"]
[SourceTitle "playchess.com"]
[Source "ChessBase"]
[SourceQuality "1"]
[TimeControl "180+2"]

1. d4 d5 2. Nc3 Nf6 3. Bf4 e6 4. Nb5 Na6 5. e3 c6 6. Nc3 Bb4 7. Bd3 Qa5 8. Nge2 c5 9. Bxa6 Qxa6 10. a3 Bxc3+ 11. Nxc3 cxd4 12. Qxd4 O-O 13. h4 h5 14. g4 Nxg4 15. f3 e5 16. Bxe5 Nxe5 17. Qxe5 Qe6 18. Qxe6 fxe6 19. f4 d4 20. Ne2 dxe3 21. O-O-O e5 22. fxe5 Bg4 23. Rde1 Rae8 24. Nc3 Rxe5 25. b3 Rf2 26. Kb2 e2 27. Kc1 Bf3 28. Rhg1 Rh2 29. Kd2 Rxh4 30. Rg3 Bg4 31. Re3 Rxe3 32. Kxe3 Rh3+ 33. Kd2 Rh2 34. a4 h4 35. Nd5 h3 36. Rg1 Rg2 37. Rh1 h2 38. Ne3 Rg1 0-1

[Event "FIDE Women World Blitz 2021"]
[Site "Warsaw"]
[Date "2021.12.30"]
[Round "14.9"]
[White "Kucharska, Honorata"]
[Black "Heredia Serrano, Carla"]
[Result "1-0"]
[ECO "B23"]
[WhiteElo "2168"]
[BlackElo "2138"]
[Annotator "NA"]
[PlyCount "69"]
[EventDate "2021.12.29"]
[EventType "swiss"]
[EventCountry "POL"]
[Tiebreak "Cut1 Buchholz"]
[SourceTitle "playchess.com"]
[Source "ChessBase"]
[SourceQuality "1"]
[TimeControl "180+2"]

1. e4 c5 2. Nc3 Nc6 3. Bb5 Nd4 4. Bc4 g6 5. Nf3 Bg7 6.
Nxd4 cxd4 7. Qf3 Nf6 8. e5 dxc3 9. exf6 Bxf6 10. dxc3 O-O 11. O-O Bg7 12. h4 d6 13. h5 Bf5 14. Bd3 Qd7 15. h6 Bf6 16.
Bxf5 Qxf5 17. Qxf5 gxf5 18. g3 e5 19. Rd1 Rad8 20. Rd5 Rfe8 21. Be3 a6 22. Bb6 Rd7 23. Rad1 Re6 24. c4 e4 25. Rxf5 d5 26.
Be3 d4 27. Bf4 Be7 28. Rd5 Rxd5 29. cxd5 Rb6 30. Rxd4 Rxb2 31. d6 Bd8 32. Rxe4 Rb1+ 33. Kg2 Kf8 34. d7 Be7 35. Bd6 1-0